 Dungeon Crawl Stone Soup version 0.25-a0-1119-g28b6fd0c3b (webtiles) character file.

Game seed: 4333562294686372802, levelgen mode: deterministic

9104 kae the Impaler (level 11, 0/88 (89) HPs)
             Began as a Merfolk Ice Elementalist on May 18, 2020.
             Was an Elder of Makhleb.
             Slain by a komodo dragon (26 damage)
             ... on level 1 of the Lair of Beasts.
             The game lasted 00:10:40 (12749 turns).

kae the Impaler (Merfolk Ice Elementalist)         Turns: 12749, Time: 00:10:41

HP:   0/88 (89)     AC:  7    Str: 12    XL:     11   Next: 41%
MP:   11/18         EV: 12    Int: 14    God:    Makhleb [****..]
Gold: 507           SH:  0    Dex: 15    Spells: 13/20 levels left

rFire    . . .     SeeInvis .   s - +2 halberd
rCold    . . .     Gourm    .   (shield currently unavailable)
rNeg     . . .     Faith    .   y - +1 troll leather armour
rPois    .         Spirit   .   (no helmet)
rElec    .         Reflect  .   x - +0 cloak
rCorr    .         Harm     .   m - +0 pair of gloves
MR       .....                  (no boots)
Stlth    ++........             (no amulet)
HPRegen  0.64/turn              g - ring of wizardry
MPRegen  0.16/turn              (no ring)

@: no status effects
A: change form in water, swift swim, stealthy swim
a: Minor Destruction, Lesser Servant of Makhleb, Major Destruction, Renounce
Religion


You were on level 1 of the Lair of Beasts.
You worshipped Makhleb.
Makhleb was greatly pleased with you.
You were very hungry.

You visited 3 branches of the dungeon, and saw 11 of its levels.

You collected 507 gold pieces.

Inventory:

Hand Weapons
 d - a +0 dagger
 k - a +0 spear
 s - a +2 halberd (weapon)
Armour
 a - a +0 robe
 m - a +0 pair of gloves (worn)
 x - a +0 cloak (worn)
 y - a +1 troll leather armour (worn)
Jewellery
 g - a ring of wizardry (left hand)
 r - an uncursed ring of stealth {unknown}
 D - an uncursed ring of flight {unknown}
Wands
 p - a wand of random effects (10)
 A - a wand of disintegration (11)
 B - a wand of polymorph (21)
Scrolls
 j - 2 scrolls of blinking
 q - 7 scrolls of remove curse
 v - 9 scrolls of teleportation
 C - 2 scrolls of identify
 F - a scroll of magic mapping
 G - a scroll of random uselessness {unknown}
 H - a scroll of summoning {unknown}
Potions
 b - 5 potions of flight
 e - a potion of cancellation
 f - 2 potions of resistance
 h - 4 potions of might
 i - a potion of stabbing
 l - 2 potions of brilliance
 n - 2 potions of ambrosia
 o - a potion of mutation
 t - 5 potions of heal wounds {unknown}
 u - a potion of lignification {unknown}
 w - a potion of invisibility {unknown}
 z - a potion of haste {unknown}
 E - 2 potions of curing {unknown}
Comestibles
 c - 27 rations


   Skills:
 + Level 9.5 Fighting
 * Level 16.3 Polearms
 - Level 2.6 Dodging
 - Level 2.1 Stealth
 - Level 5.1 Spellcasting
 - Level 9.0 Ice Magic


You had 13 spell levels left.
You knew the following spells:

 Your Spells              Type           Power        Failure   Level  Hunger
a - Freeze                Ice            ####         1%          1    None
b - Frozen Ramparts       Ice            ####..       1%          3    ###....
c - Ozocubu's Armour      Chrm/Ice       ###.....     4%          3    ###....

Your spell library contained the following spells:

 Spells                   Type           Power        Failure   Level  Hunger
 Magic Dart               Conj           #...         9%          1    None
 Blink                    Tloc           N/A          13%         2    ##.....
 Call Imp                 Summ           #.......     13%         2    ##.....
 Slow                     Hex            #.......     13%         2    ##.....
 Hailstorm                Conj/Ice       ###.....     14%         4    ####...
 Summon Ice Beast         Ice/Summ       ###.....     14%         4    ####...
 Confusing Touch          Hex            #.......     26%         3    ###....
 Conjure Flame            Conj/Fire      #.......     26%         3    ###....
 Gell's Gravitas          Tloc           #.........   26%         3    ###....
 Mephitic Cloud           Conj/Pois/Air  #.......     26%         3    ###....
 Metabolic Englaciation   Hex/Ice        ###.......   34%         5    ######.
 Petrify                  Tmut/Erth      #.......     61%         4    ####...
 Yara's Violent Unravell  Hex/Tmut       #.........   91%         5    ######.


Dungeon Overview and Level Annotations

Branches:
Dungeon (9/15)             Temple (1/1) D:4            Lair (1/6) D:8
    Orc: D:9-12

Altars:
Ashenzari
Cheibriados
Dithmenos
Elyvilon
Fedhas
Gozag
Hepliaklqana
Kikubaaqudgha
Makhleb
Nemelex Xobeh
Okawaru
Qazlal
Ru
Sif Muna
Trog
Uskayaw
Vehumet
Wu Jian
Xom
Yredelemnul
Zin
The Shining One


Message History

A komodo dragon is nearby!
Casting: Freeze (safe; 1% risk of failure)
Confirm with . or Enter, or press ? or * to list all spells.
Aiming: Freeze (safe; 1% risk of failure)
Press: ? - help, Shift-Dir - straight line, f/p - komodo dragon
Aim: a komodo dragon (severely wounded, slow)
You freeze the komodo dragon.
The komodo dragon is almost dead.
The komodo dragon seems to slow down.
The komodo dragon bites you!!
* * * LOW HITPOINT WARNING * * *
A komodo dragon is nearby!
Casting: Freeze (safe; 1% risk of failure)
Confirm with . or Enter, or press ? or * to list all spells.
Aiming: Freeze (safe; 1% risk of failure)
Press: ? - help, Shift-Dir - straight line, f/p - komodo dragon
Aim: a komodo dragon (almost dead, slow)
You freeze the komodo dragon.
The komodo dragon is almost dead.
The komodo dragon bites you!!
You die...

.... ##### ##....
###.#.# #......
##....## .......
.......## ##.......
........###
##.......#
.......)..#
###.......#
..........# #...@l.#
..........###.....##
......).....#.....#
..................#
#....##.........###
#######.........#
#.#........###
##...........#
##...........##


You could see a komodo dragon (slow).

Vanquished Creatures
  A two-headed ogre (D:9)
  Pikel (D:7)
  A spiny frog (Lair:1)
  3 trolls (D:9)
  A hornet (D:9)
  2 hippogriffs (D:7)
  A human (D:9)
  A wyvern (D:9)
  4 hogs (D:9)
  A yak (D:8)
  A hungry ghost (D:8)
  2 water moccasins (Lair:1)
  2 orc warriors (D:9)
  7 porcupines
  2 black bears
  An ice beast (D:9)
  A sky beast (D:9)
  An eye of draining (D:9)
  A necrophage (D:9)
  6 wolves (Lair:1)
  2 centaurs
  6 ogres
  2 crocodiles
  2 big kobolds (D:7)
  4 bullfrogs
  4 scorpions
  2 water moccasin skeletons
  A howler monkey (D:6)
  9 crimson imps
  4 bullfrog zombies
  A centaur zombie (D:4)
  4 hounds
  2 centaur skeletons (D:4)
  3 jellies
  A quasit (D:9)
  A bullfrog skeleton (D:9)
  5 orc priests
  2 iguanas
  7 orc wizards
  8 worker ants
  2 killer bee zombies
  A hound skeleton (D:7)
  3 worker ant zombies
  8 gnolls
  12 adders
  A shadow imp (D:7)
  3 adder zombies
  An adder skeleton (D:4)
  3 dart slugs
  8 leopard geckos
  24 orcs
  A ball python (D:5)
  3 giant cockroaches
  11 goblins
  11 hobgoblins
  3 jackals (D:2)
  17 kobolds
  6 quokkas
  A ball python zombie (D:5)
  12 bats
  7 frilled lizards
  A jackal skeleton (D:4)
  A jackal zombie (D:4)
  A leopard gecko skeleton (D:4)
  A leopard gecko zombie (D:4)
  7 rats
  A plant (Lair:1)
260 creatures vanquished.

Vanquished Creatures (others)
  A slave (D:7)
  12 fungi
  2 plants (D:8)
15 creatures vanquished.

Grand Total: 275 creatures vanquished

Notes
Turn   | Place    | Note
-------+----------+-------------------------------------------
     0 | D:1      | kae the Merfolk Ice Elementalist began the quest for the
                  | Orb.
     0 | D:1      | Reached XP level 1. HP: 13/13 MP: 3/3
     0 | D:1      | Noticed a minotaur zombie
   259 | D:1      | Reached XP level 2. HP: 15/19 MP: 1/5
   804 | D:1      | Reached skill level 5 in Ice Magic
  1000 | D:1      | Reached XP level 3. HP: 24/24 MP: 4/6
  1544 | D:2      | Learned a level 3 spell: Frozen Ramparts
  1789 | D:2      | Reached XP level 4. HP: 30/30 MP: 3/8
  2243 | D:2      | Found an opulent altar of Gozag.
  2323 | D:3      | Found a white marble altar of Elyvilon.
  2769 | D:3      | Found an ancient bone altar of Kikubaaqudgha.
  2955 | D:3      | Noticed a bullfrog
  2963 | D:3      | Killed a bullfrog
  2963 | D:3      | Reached XP level 5. HP: 21/35 MP: 3/9
  3777 | D:4      | Reached XP level 6. HP: 24/41 MP: 4/11
  3948 | D:4      | Found a shattered altar of Ashenzari.
  4102 | D:4      | Learned a level 3 spell: Ozocubu's Armour
  4770 | D:4      | Reached XP level 7. HP: 46/46 MP: 7/13
  4853 | D:4      | Found a staircase to the Ecumenical Temple.
  5060 | Temple   | Entered the Ecumenical Temple
  5131 | Temple   | Became a worshipper of Makhleb the Destroyer
  5616 | D:4      | Found a sacrificial altar of Ru.
  5628 | D:5      | Entered Level 5 of the Dungeon
  5963 | D:5      | Found a bloodstained altar of Trog.
  6734 | D:6      | Reached XP level 8. HP: 52/52 MP: 11/15
  6817 | D:6      | Reached skill level 5 in Spellcasting
  6913 | D:6      | Reached skill level 1 in Polearms
  7220 | D:6      | Reached skill level 1 in Fighting
  7220 | D:6      | Reached skill level 2 in Polearms
  7553 | D:7      | Noticed a hippogriff
  7565 | D:7      | Killed a hippogriff
  7565 | D:7      | Reached skill level 4 in Polearms
  7755 | D:7      | Reached skill level 5 in Polearms
  7792 | D:7      | Reached * piety under Makhleb
  7797 | D:7      | Reached skill level 6 in Polearms
  7805 | D:7      | Noticed Pikel
  7813 | D:7      | Killed Pikel
  7813 | D:7      | Reached skill level 8 in Polearms
  7813 | D:7      | Reached XP level 9. HP: 53/66 MP: 6/16
  8103 | D:7      | Reached skill level 9 in Polearms
  8273 | D:7      | Reached skill level 5 in Fighting
  8477 | D:7      | Reached skill level 10 in Polearms
  8965 | D:8      | Found a staircase to the Lair.
  8974 | D:8      | Reached skill level 11 in Polearms
  9034 | D:8      | Reached ** piety under Makhleb
  9038 | D:8      | Reached XP level 10. HP: 48/77 MP: 12/17
  9041 | D:8      | Reached skill level 12 in Polearms
  9686 | D:8      | Found a radiant altar of Vehumet.
  9686 | D:8      | Found a hazy altar of Hepliaklqana.
  9687 | D:8      | Found a shimmering altar of Xom.
  9714 | D:8      | Found a basalt altar of Yredelemnul.
 10074 | D:9      | Reached skill level 13 in Polearms
 10617 | D:9      | Reached skill level 14 in Polearms
 10767 | D:9      | Reached *** piety under Makhleb
 11181 | D:9      | Reached skill level 15 in Polearms
 11181 | D:9      | Reached XP level 11. HP: 71/86 MP: 11/18
 11237 | D:9      | Found a blossoming altar of Fedhas.
 11260 | D:9      | Found a hide-covered altar of Uskayaw.
 11383 | D:9      | Noticed a two-headed ogre
 11421 | D:9      | Killed a two-headed ogre
 11850 | Lair:1   | Entered Level 1 of the Lair of Beasts
 11919 | Lair:1   | Reached skill level 16 in Polearms
 12025 | Lair:1   | Reached **** piety under Makhleb
 12749 | Lair:1   | Slain by a komodo dragon

Illustrated notes

Levels and vault maps discovered:
D:1:      shiori_arrival_whats_in_store_for_you, layout_rooms, minivault_19,
          hangedman_decor_slide_cut, minmay_heptomino_d4
D:2:      layout_loops_cross, lemuel_doored_altar
D:3:      layout_basic, elyvilon_altar_5, kiku_gazebo_pond_becter
D:4:      layout_basic, nicolae_ru_path_of_blood, ashenzari_altar_1,
          minmay_temple_entry_large_hall, first_ration, serial_undead,
          serial_undead_b, serial_undead_b, serial_undead_a, serial_undead_a
D:5:      layout_loops_ring, bloody_trog
D:6:      layout_basic
D:7:      layout_rooms, uniq_pikel
D:8:      layout_basic, nicolae_overflow_quartered_altars,
          due_lair_maze_entry_diamond
D:9:      layout_roguey, fedhas_altar_3, nicolae_overflow_crystal_walls,
          grunt_livestock, kennysheep_kite_vault
Temple:   jpeg_temple_alley_garden
Lair:1:   layout_hall_layers, wad_woods_road_01, infiniplex_staircase_pool_2

Skill      XL: |  1  2  3  4  5  6  7  8  9 10 11 |
---------------+----------------------------------+-----
Ice Magic      | 5 6 7 9 |  9.0
Spellcasting   | 3 4 5 |  5.1
Polearms       | 8 11 15 16 | 16.3
Fighting       | 4 6 8 9 |  9.5
Dodging        | |  2.6
Stealth        | |  2.1

Action                   |  1- 3 |  4- 6 |  7- 9 | 10-12 || total
-------------------------+-------+-------+-------+-------++-------
Melee: Dagger            |    19 |       |       |       ||    19
       Spear             |    48 |   172 |     8 |       ||   228
       Halberd           |       |       |   156 |   209 ||   365
       Tailslap          |       |       |       |     2 ||     2
 Cast: Freeze            |    45 |    32 |    91 |   109 ||   277
       Frozen Ramparts   |       |     8 |    15 |    20 ||    43
       Ozocubu's Armour  |       |       |     2 |     5 ||     7
  Use: Scroll            |       |     6 |     8 |     5 ||    19
       Potion            |       |     1 |       |       ||     1
 Stab: Sleeping          |     4 |     5 |     5 |     4 ||    18
  Eat: Chunk             |     3 |    10 |    16 |     9 ||    38
       Ration            |       |       |       |     1 ||     1
Armor: Robe              |    20 |    52 |    58 |    24 ||   154
       Troll leather arm |       |       |       |    43 ||    43
Dodge: Dodged            |    50 |   102 |   206 |   178 ||   536

Table legend:
 A = Non-vault XP
 B = Vault XP
 C = Vault XP percentage of total XP
 D = Non-vault monster count
 E = Vault monster count
 F = Vault count percentage of total count
                 A         B        C        D         E       F
            +---------+---------+-------+---------+---------+-------
      Total |    8084 |    4923 |  37.8 |     213 |      46 |  17.8
            +---------+---------+-------+---------+---------+-------
        D:1 |      36 |       5 |  12.2 |      27 |       3 |  10.0
        D:2 |      57 |       0 |   0.0 |      25 |       0 |   0.0
        D:3 |     200 |       0 |   0.0 |      21 |       0 |   0.0
        D:4 |     281 |     220 |  43.9 |      15 |      13 |  46.4
        D:5 |     233 |       0 |   0.0 |      11 |       0 |   0.0
        D:6 |     403 |       0 |   0.0 |      16 |       0 |   0.0
        D:7 |    1534 |     641 |  29.5 |      38 |       1 |   2.6
        D:8 |     771 |    1295 |  62.7 |      11 |      10 |  47.6
        D:9 |    2728 |    2762 |  50.3 |      37 |      19 |  33.9
     Lair:1 |    1841 |       0 |   0.0 |      12 |       0 |   0.0
            +---------+---------+-------+---------+---------+-------
